 Dungeon Crawl Stone Soup version 0.23.1-37-gaa34b87b72 (webtiles) character file.

Game seed: 9121944281761357856

54 Peloso the Covered (level 3, -1/33 HPs)
             Began as a Minotaur Fighter on Mar 28, 2019.
             Killed by nerve-wracking pain
             ... invoked by Jessica
              (6 damage)
             ... on level 2 of the Dungeon.
             The game lasted 00:01:54 (1028 turns).

Peloso the Covered (Minotaur Fighter)               Turns: 1028, Time: 00:01:57

Health: -1/33      AC:  9    Str: 20    XL:     3   Next: 66%
Magic:  2/2        EV:  5    Int:  5    God:
Gold:   78         SH:  9    Dex: 10    Spells: 2/2 levels left

rFire    . . .     SeeInvis .   a - +0 long sword
rCold    . . .     Gourm    .   c - +0 shield
rNeg     . . .     Faith    .   k - +0 chain mail
rPois    .         Spirit   .   (helmet restricted)
rElec    .         Reflect  .   (no cloak)
rCorr    .         Harm     .   (no gloves)
MR       .....                  (no boots)
Stlth    ..........             (no amulet)
HPRegen  0.11/turn              (no ring)
MPRegen  0.08/turn              (no ring)

@: no status effects
A: retaliatory headbutt, horns 2
a: no special abilities


You were on level 2 of the Dungeon.
You were hungry.

You visited 1 branch of the dungeon, and saw 2 of its levels.

You collected 78 gold pieces.

Inventory:

Hand Weapons
 a - a +0 long sword (weapon)
Armour
 b - a +0 scale mail
 c - a +0 shield (worn)
 k - a +0 chain mail (worn)
Scrolls
 e - 5 scrolls of identify {unknown}
 g - a scroll of remove curse {unknown}
 h - a scroll of fear {unknown}
 j - a scroll of teleportation {unknown}
Potions
 d - a potion of might
 i - a potion of ambrosia {unknown}
 l - 2 potions of curing {unknown}
Comestibles
 f - 3 rations


   Skills:
 + Level 4.1 Fighting
 + Level 3.1 Long Blades
 + Level 4.2 Armour
 + Level 0.7 Dodging
 + Level 4.1 Shields


You had 2 spell levels left.
You didn't know any spells.
Your spell library was empty.

Dungeon Overview and Level Annotations

Branches:
Dungeon (2/15)

Altars:

Annotations:
D:2 Jessica


Innate Abilities, Weirdness & Mutations

You reflexively headbutt those who attack you in melee.
You have a pair of horns on your head.


Message History

You kill the quokka!
Jessica hits you but does no damage. Jessica gestures at you while chanting.
Pain shoots through your body! You block Jessica's attack.
Jessica zaps a wand.
The puff of flame hits you. Jessica hits you but does no damage.
You closely miss Jessica. You block Jessica's attack.
Your chain mail prevents you from hitting Jessica.
You block Jessica's attack.
You closely miss Jessica. You headbutt Jessica, but do no damage.
Jessica zaps a wand.
The puff of flame hits you!
* * * LOW HITPOINT WARNING * * *
You hit Jessica.
Jessica is heavily wounded.
Jessica zaps a wand.
The puff of flame hits you but does no damage.
Jessica points at you and mumbles some strange words.
Pain shoots through your body!
You die...

#.. ..# ##### ###.#
#.####...###
#...#####.#........#
###...##...........#.#########
#........##..#####...#.......#
#........#..##?..##....#####.#
#...........#.....#.......##.#
###...####..#...@.'....##.##.#
##...## #..#...@.#..........#
#.#...# #..##?..##.(.###.####
##.#>.####..#####..### #.#
#...)...#........## #.#
#.##.##.#.......### ###.#
#.##.##.#.........# #.[.#
#.##.##.#.......#.# #.###
#.##.##.#########.# #.#
#.##.##.# #.# #.#


You could see Jessica.

Vanquished Creatures
  An adder (D:2)
  A dart slug (D:1)
  3 leopard geckos
  2 goblins
  6 hobgoblins
  6 jackals (D:2)
  A quokka (D:2)
  5 bats
  4 frilled lizards
  7 kobolds
36 creatures vanquished.

Notes
Turn   | Place    | Note
-------+----------+-------------------------------------------
     0 | D:1      | Peloso the Minotaur Fighter began the quest for the Orb.
     0 | D:1      | Reached XP level 1. HP: 19/19 MP: 0/0
   252 | D:1      | Reached XP level 2. HP: 27/27 MP: 1/1
   833 | D:2      | Reached XP level 3. HP: 30/33 MP: 2/2
  1016 | D:2      | Noticed Jessica
  1028 | D:2      | Killed from afar by Jessica

Skill      XL: |  1  2  3 |
---------------+----------+-----
Armour         | 4 |  4.2
Fighting       | 4 |  4.1
Shields        | 4 |  4.1
Long Blades    | 3 |  3.1
Dodging        | |  0.7

Action                   || total
-------------------------++-------
Melee: Long sword        ||    99
       Headbutt          ||    12
Armor: Scale mail        ||    54
       Chain mail        ||    63
Dodge: Dodged            ||    33
Block: Shield            ||    91
       Rpst.: Long sword ||    12
